 Dungeon Crawl Stone Soup version 0.23.0 (webtiles) character file.

Game seed: 10733142928641983603

14 tidbits the Charmwright (level 2, 26/26 HPs)
             Began as a Gnoll Skald on Feb 14, 2019.
             Quit the game on level 2 of the Dungeon.
             The game lasted 00:02:04 (191 turns).

tidbits the Charmwright (Gnoll Skald)                Turns: 191, Time: 00:02:05

Health: 26/26      AC:  3    Str: 13    XL:     2   Next: 41%
Magic:  6/7        EV: 14    Int: 15    God:
Gold:   52         SH:  0    Dex: 14    Spells: 5/10 levels left

rFire    x . .     SeeInvis .   a - +0 spear
rCold    + . .     Gourm    .   (no shield)
rNeg     . . .     Faith    .   b - +0 leather armour
rPois    .         Spirit   .   (no helmet)
rElec    .         Reflect  .   (no cloak)
rCorr    .         Harm     .   (no gloves)
MR       .....                  (no boots)
Stlth    +.........             (no amulet)
HPRegen  0.08/turn              c - ring of ice
MPRegen  0.10/turn              (no ring)

@: confused, infused
A: distributed training, fangs 1, strong nose
a: no special abilities


You were on level 2 of the Dungeon.
You were not hungry.

You visited 1 branch of the dungeon, and saw 3 of its levels.

You collected 52 gold pieces.

Inventory:

Hand Weapons
 a - a +0 spear (weapon)
Armour
 b - a +0 leather armour (worn)
Jewellery
 c - a ring of ice (left hand)
   (You found it on level 1 of the Dungeon)
Scrolls
 f - 3 scrolls of amnesia {unknown}
 g - a scroll of fog {unknown}
 h - a scroll of teleportation {unknown}
Potions
 e - a potion of agility {unknown}
Comestibles
 d - a ration


   Skills:
 + Level 4.5 Fighting
 + Level 0.4 Short Blades
 + Level 0.4 Long Blades
 + Level 0.4 Axes
 + Level 0.4 Maces & Flails
 + Level 4.5 Polearms
 + Level 0.4 Staves
 + Level 0.4 Slings
 + Level 0.4 Bows
 + Level 0.4 Crossbows
 + Level 0.4 Throwing
 + Level 2.5 Armour
 + Level 4.5 Dodging
 + Level 0.4 Stealth
 + Level 0.4 Shields
 + Level 0.4 Unarmed Combat
 + Level 4.9 Spellcasting
 + Level 0.2 Conjurations
 + Level 0.2 Hexes
 + Level 5.3 Charms
 + Level 0.2 Summonings
 + Level 0.2 Necromancy
 + Level 0.2 Translocations
 + Level 0.2 Transmutations
 + Level 0.2 Fire Magic
 + Level 0.2 Ice Magic
 + Level 0.2 Air Magic
 + Level 0.2 Earth Magic
 + Level 0.2 Poison Magic
 + Level 0.5 Invocations
 + Level 0.4 Evocations


You had 5 spell levels left.
You knew the following spells:

 Your Spells              Type           Power        Failure   Level  Hunger
g - Shroud of Golubria    Chrm/Tloc      ##........   10%         2    ##.....
i - Infusion              Chrm           ###.         2%          1    None
y - Song of Slaying       Chrm           ###.....     3%          2    ##.....

Your spell library contained the following spells:

 Spells                   Type           Power        Failure   Level  Hunger
 Regeneration             Chrm/Necr      ##........   21%         3    ###....
 Spectral Weapon          Hex/Chrm       ##......     21%         3    ###....


Dungeon Overview and Level Annotations

Branches:
Dungeon (3/15)

Altars:

Annotations:
D:2 Sigmund


Innate Abilities, Weirdness & Mutations

Your experience applies equally to all skills.
You have very sharp teeth.
Your uncanny sense of smell can sniff out nearby items.


Message History

Your magical infusion is running out.
The rat bites you but does no damage.
You closely miss the rat. The goblin misses you. The rat misses you.
You hit the goblin.
You kill the goblin!
You hit the rat.
You kill the rat!
There is an open door, spattered with blood here.
You see here a +0 club.
You are no longer magically infusing your attacks.
You open the door.
You see here 15 gold pieces.
Unknown command.
You now have 30 gold pieces (gained 15).
There is an open door here.
Found a mace.
Unknown command.
Found 7 gold pieces.
You see here 7 gold pieces.
You now have 37 gold pieces (gained 7).
Found a stone staircase leading down.
There is a stone staircase leading down here.
You climb downwards.
There is a stone staircase leading up here.
Unknown command.
Unknown command.
A giant cockroach comes into view.
Attack whom?
Press: ? - help, Dir - move target cursor, f - giant cockroach
Aim: a giant cockroach You reach to attack!
You closely miss the giant cockroach. You hit the giant cockroach.
The giant cockroach is moderately wounded.
The giant cockroach bites you but does no damage.
You hit the giant cockroach.
The giant cockroach is moderately wounded.
The giant cockroach barely misses you.
You closely miss the giant cockroach. You bite the giant cockroach.
The giant cockroach is heavily wounded.
The giant cockroach barely misses you.
You hit the giant cockroach but do no damage.
The giant cockroach is heavily wounded.
The giant cockroach barely misses you.
You hit the giant cockroach but do no damage.
The giant cockroach is heavily wounded.
The giant cockroach misses you.
You hit the giant cockroach.
You kill the giant cockroach!
Found a runed hand axe.
Found 15 gold pieces.
You see here 15 gold pieces.
You now have 52 gold pieces (gained 15).
Unknown command.
Found a stone staircase leading down.
Found 3 scrolls labeled TITWOCUARGH.
Found a scroll labeled VIGACL FENA.
You see here 3 scrolls labeled TITWOCUARGH.
f - 3 scrolls labeled TITWOCUARGH Unknown command.
There is a stone staircase leading down here.
You climb downwards.
You hear the sound of rushing water.
There is an entrance to a sewer on this level.
Hurry and find it before the portal rusts away!
There is a stone staircase leading up here.
Unknown command.
Unknown command.
Found a scroll labeled ZOIM BITERYVIC.
You see here a scroll labeled ZOIM BITERYVIC.
g - a scroll labeled ZOIM BITERYVIC
There is a stone staircase leading up here.
You climb upwards.
There is a stone staircase leading down here.
Unknown command.
You see here a scroll labeled VIGACL FENA.
Unknown command.
h - a scroll labeled VIGACL FENA A kobold comes into view.
It is wielding a +0 whip.
The kobold shouts!
The kobold throws a stone.
The stone closely misses you.
Casting: Infusion (safe; 2% risk of failure)
Confirm with . or Enter, or press ? or * to list all spells.
You begin infusing your attacks with magical energy.
The kobold throws a stone.
The stone barely misses you.
Unknown command.
Attack whom?
Press: ? - help, Dir - move target cursor, f - kobold
Aim: a kobold, wielding a +0 whip You reach to attack!
You hit the kobold.
You kill the kobold!
Unknown command.
Sigmund the Dreaded comes into view.
He is wielding a +1 scythe of venom.
Sigmund shouts!
Sigmund points at you and mumbles some strange words.
You are confused.
Found a spear.
Okay, then.
You're too confused to move!
Sigmund drinks a potion.
Sigmund flickers and vanishes!
Unknown command.
Are you sure you want to abandon this character and quit the game? (Confirm with "yes".)

...........#...# #.....
...........#...#####.....
..........#...(.........
###......................
......................>..
#......#....#..........
#......#....#..........
#......#...)######.....
#.....@#....# ###.....
.........................
.........................
...###.##................
... #. #...#######.....#
). .. ..... #.....# ...
..... #.....# #.. ......
.......# ......#


There were no monsters in sight!

Vanquished Creatures
  A dart slug (D:1)
  2 giant cockroaches
  A goblin (D:1)
  4 jackals (D:1)
  A kobold (D:2)
  A rat (D:1)
10 creatures vanquished.

Notes
Turn   | Place    | Note
-------+----------+-------------------------------------------
     0 | D:1      | tidbits the Gnoll Skald began the quest for the Orb.
     0 | D:1      | Reached XP level 1. HP: 20/20 MP: 6/6
    51 | D:1      | Reached XP level 2. HP: 26/26 MP: 0/7
    55 | D:1      | Learned a level 2 spell: Song of Slaying
    58 | D:1      | Learned a level 2 spell: Shroud of Golubria
   186 | D:2      | Noticed Sigmund
   191 | D:2      | Quit the game

Action                   || total
-------------------------++-------
Melee: Spear             ||    25
       Bite              ||     2
 Cast: Infusion          ||     3
Armor: Leather armour    ||     4
Dodge: Dodged            ||    12

Table legend:
 A = Turns spent in this place as a percentage of turns spent in the entire game.
 B = Non-inter-level travel turns spent in this place as a percentage of non-inter-level travel turns spent in the entire game.
 C = Inter-level travel turns spent in this place as a percentage of turns spent in this place.
 D = Turns resting spent in this place as a percentage of non-inter-level travel turns spent in this place.
 E = Turns spent auto-exploring this place as a percentage of non-inter-level travel turns spent in this place.
 F = Non-inter-level travel turns spent in this place divided by the number of levels of this place that you've seen.
                   A       B       C       D       E      F
               +-------+-------+-------+-------+-------+----------------------
         Total | 100.0 | 100.0 |   0.0 |   0.0 |   0.0 |  63.7
       Dungeon | 100.0 | 100.0 |   0.0 |   0.0 |   0.0 |  63.7
               +-------+-------+-------+-------+-------+----------------------

Table legend:
 A = Kills in this place as a percentage of kills in entire the game.
 B = Kills by you in this place as a percentage of kills by you in the entire game.
 C = Kills by friends in this place as a percentage of kills by friends in the entire game.
 D = Other kills in this place as a percentage of other kills in the entire game.
 E = Experience gained in this place as a percentage of experience gained in the entire game.
 F = Experience gained in this place divided by the number of levels of this place that you have seen.
                   A       B       C       D       E      F
               +-------+-------+-------+-------+-------+----------------------
         Total | 100.0 | 100.0 |   N/A |   N/A | 100.0 |   6.7
       Dungeon | 100.0 | 100.0 |   N/A |   N/A | 100.0 |   6.7
               +-------+-------+-------+-------+-------+----------------------

Levels and vault maps discovered:
D:1:      nicolae_arrival_memento_mori, layout_loops_corners,
          minmay_misc_feat_alley
D:2:      layout_basic, kennysheep_slug_shrine, uniq_sigmund, uniq_robin,
          uniq_natasha
D:3:      layout_basic, tgw_trog, chequers_ecumenical_altar_grove,
          gup_sewer_entry_bubbles, first_ration
